[Event "fics rated crazyhouse match"]
[Site "fics, Oklahoma City, OK USA"]
[Date "2001.02.06"]
[White "BarryWhite"]
[WhiteElo "2411"]
[Black "spurs"]
[BlackElo "2317"]
[TimeControl "120+0"]
[Result "1-0"]

1. e4 e6 2. d4 d5 3. e5 Ne7 4. Bg5 Qd7 5. Bxe7 Bxe7 6. Nh3 
Nc6 7. Be2 h6 8. O-O O-O 9. Nc3 f6 10. exf6 Bxf6 11. N@g6 Bxd4 
12. P@h7+ Kxh7 13. Nxf8+ Kh8 14. Nxd7 Bxd7 15. Nf4 B@f5 16. Bg4 Bh7 17. Ncxd5 
exd5 18. Bxd7 P@e5 19. P@g6 exf4 20. gxh7 N@f6 21. B@f5 P@g3 22. R@g8+ Rxg8 
23. hxg8=Q+ Kxg8 24. Bde6+ P@f7 25. B@h7+ Nxh7 26. Q@e8+ R@f8 27. Bxf7+ Kh8 28. R@g8# 
{spurs resigns} 1-0

[Event "fics rated crazyhouse match"]
[Site "fics, Oklahoma City, OK USA"]
[Date "2001.02.06"]
[White "Fudpucker"]
[WhiteElo "2250"]
[Black "BarryWhite"]
[BlackElo "2417"]
[TimeControl "120+0"]
[Result "0-1"]

1. e4 e6 2. d4 d5 3. exd5 exd5 4. Nf3 Nf6 5. Bg5 Be7 6. Nc3 
Be6 7. Bb5+ c6 8. Be2 Ne4 9. Bxe7 Qxe7 10. P@e5 Nxc3 11. bxc3 P@c7 
12. B@b4 Qd7 13. N@h5 B@h6 14. O-O a5 15. Ba3 Rg8 16. Rb1 b6 17. Bc1 
Bxc1 18. Qxc1 B@g4 19. Ng3 Bxf3 20. Bxf3 N@h4 21. B@h5 Na6 22. B@g5 Nxf3+ 
23. Bxf3 B@g4 24. Nh5 Bxf3 25. N@f6+ gxf6 26. Nxf6+ Kd8 27. Nxg8+ Kc8 28. R@f8+ 
Kb7 29. Rxa8 Kxa8 30. R@f8+ B@b8 31. gxf3 N@e2+ 32. Kh1 Nxc1 33. Rfxc1 Bh3 
34. N@f4 N@e2 35. Nxh3 Qxh3 36. Rxb8+ Nxb8 37. P@g2 Qxg2+ 38. Kxg2 N@f4+ 39. Bxf4 
Nxf4+ 40. Kg3 Q@g5# 
{Fudpucker forfeits on time} 0-1

[Event "fics rated crazyhouse match"]
[Site "fics, Oklahoma City, OK USA"]
[Date "2001.02.06"]
[White "BarryWhite"]
[WhiteElo "2421"]
[Black "Fudpucker"]
[BlackElo "2246"]
[TimeControl "120+0"]
[Result "0-1"]

1. e4 e6 2. d4 Nc6 3. Be3 Nf6 4. Bd3 d6 5. Nf3 Be7 6. O-O 
O-O 7. Nc3 Ng4 8. Qe2 f5 9. d5 exd5 10. Nxd5 fxe4 11. Bxe4 P@f5 
12. Nxe7+ Qxe7 13. Bxc6 bxc6 14. B@h4 P@f6 15. P@h3 N@f4 16. Bxf4 Qxe2 17. Rae1 
Qxc2 18. N@e7+ Kf7 19. hxg4 P@e2 20. N@g5+ fxg5 21. Nxg5+ Kxe7 22. Nxh7+ B@f6 
23. N@g6+ Kf7 24. Ngxf8 exf1=Q+ 25. Rxf1 N@e2+ 26. Kh1 Bxh4 27. P@h5 N@e4 28. P@g6+ 
Ke7 29. R@f7+ Ke8 30. Be3 R@d1 31. Nf6+ Nxf6 32. Re7+ Kxe7 33. Rxd1 Qxd1+ 
34. R@g1 Qxg1# 
{BarryWhite checkmated} 0-1

[Event "fics rated crazyhouse match"]
[Site "fics, Oklahoma City, OK USA"]
[Date "2001.02.06"]
[White "Fudpucker"]
[WhiteElo "2258"]
[Black "BarryWhite"]
[BlackElo "2409"]
[TimeControl "120+0"]
[Result "0-1"]

1. e4 e6 2. d4 d5 3. exd5 exd5 4. Nf3 Nf6 5. Bg5 Be7 6. Nc3 
Nc6 7. Bb5 Bd7 8. Bxc6 bxc6 9. Ne5 B@e6 10. N@c5 Ne4 11. Bxe7 Qxe7 
12. N5xe4 dxe4 13. Nxe4 N@h4 14. B@f1 B@d5 15. P@f3 Bxe4 16. fxe4 N@g4 17. B@e2 
P@e3 18. Bxg4 Bxg4 19. Nxg4 Bxg4 20. Qxg4 exf2+ 21. Kd1 N@e3+ 22. Kc1 P@d2+ 
23. Kxd2 B@e1+ 24. Kxe3 f5 25. P@d7+ Kd8 26. N@b7+ Kxd7 27. N@c5+ Ke8 28. P@d7+ 
Kf8 29. N@e6+ Kg8 30. exf5 Nxf5+ 31. Qxf5 P@f4+ 32. Qxf4 P@f6 
{Fudpucker forfeits on time} 0-1

[Event "fics rated crazyhouse match"]
[Site "fics, Oklahoma City, OK USA"]
[Date "2001.02.06"]
[White "BarryWhite"]
[WhiteElo "2414"]
[Black "Fudpucker"]
[BlackElo "2253"]
[TimeControl "120+0"]
[Result "1-0"]

1. e4 e6 2. d4 Nc6 3. Be3 Nf6 4. Bd3 d6 5. Nf3 Be7 6. O-O 
O-O 7. Nc3 Ng4 8. d5 Nce5 9. Nxe5 Nxe5 10. N@h5 Nxd3 11. cxd3 exd5 
12. Nxg7 dxe4 13. Nxe4 B@g5 14. Nh5 P@g7 15. Nxg7 P@h3 16. gxh3 Bxh3 17. P@g2 
Bxg2 18. Kxg2 N@h4+ 19. Kh3 f5 20. B@e6+ Kxg7 21. N@h5+ Kg6 22. Bxg5 P@g4+ 
23. Kg3 Bxg5 24. B@f7+ Kh6 25. Nxg5 P@f4+ 26. Nxf4 Qxg5 27. h3 B@e5 28. B@e3 
gxh3+ 29. P@g4 N@h5+ 30. Bxh5 Bxf4+ 31. Bxf4 Qxf4+ 32. Kxf4 B@e5+ 33. Ke3 N@g2+ 
34. Kd2 N@f3+ 35. Kc1 Bxb2+ 36. Kb1 P@a3 37. B@g7# 
{Fudpucker forfeits on time} 1-0

[Event "fics rated crazyhouse match"]
[Site "fics, Oklahoma City, OK USA"]
[Date "2001.02.06"]
[White "Fudpucker"]
[WhiteElo "2248"]
[Black "BarryWhite"]
[BlackElo "2419"]
[TimeControl "120+0"]
[Result "0-1"]

1. e4 e6 2. d4 d5 3. exd5 exd5 4. Nf3 Nf6 5. Bg5 Be7 6. Nc3 
Be6 7. Bb5+ c6 8. Be2 Nbd7 9. P@e5 Ne4 10. Bxe7 Qxe7 11. Nxe4 dxe4 
12. N@c7+ Kd8 13. Nxa8 exf3 14. B@c7+ Kc8 15. Bxf3 N@h4 16. Bd6 B@b4+ 17. Bxb4 
Qxb4+ 18. B@c3 Qe7 19. P@d6 Qg5 20. R@g3 Qh6 21. Bd2 P@f4 22. Qe2 N@f5 
23. O-O-O Nxd4 24. Bxf4 Nxe2+ 25. Bxe2 Qxf4+ 26. P@e3 Qb4 27. N@d3 Q@a1# 
{Fudpucker checkmated} 0-1

[Event "fics rated crazyhouse match"]
[Site "fics, Oklahoma City, OK USA"]
[Date "2001.02.06"]
[White "BarryWhite"]
[WhiteElo "2423"]
[Black "Fudpucker"]
[BlackElo "2244"]
[TimeControl "120+0"]
[Result "1-0"]

1. e4 e6 2. d4 Nc6 3. Be3 Nf6 4. Bd3 d6 5. Nf3 Be7 6. O-O 
O-O 7. Nc3 Ng4 8. d5 Nce5 9. Nxe5 Nxe5 10. f4 Nxd3 11. cxd3 exd5 
12. Nxd5 N@g4 13. Nxe7+ Qxe7 14. B@d4 P@e5 15. fxe5 dxe5 16. P@f6 gxf6 17. N@f5 
Bxf5 18. exf5 exd4 19. Qxg4+ P@g6 20. N@h6+ Kh8 21. P@g7+ Kxg7 22. N@h5+ Kh8 
23. B@g7# 
{Fudpucker checkmated} 1-0

[Event "fics rated crazyhouse match"]
[Site "fics, Oklahoma City, OK USA"]
[Date "2001.02.06"]
[White "Thufir"]
[WhiteElo "2311"]
[Black "AngelicK"]
[BlackElo "2427"]
[TimeControl "60+0"]
[Result "0-1"]

1. e4 e6 2. Nf3 Nc6 3. d4 Nf6 4. e5 Nd5 5. Be2 d6 6. O-O 
Be7 7. c4 Nb6 8. exd6 cxd6 9. Be3 P@g4 10. Ne1 h5 11. Nc3 Bf6 
12. d5 Ne5 13. dxe6 Bxe6 14. P@f4 Nexc4 15. Bxc4 Bxc4 16. P@d3 Be6 17. N@e4 
B@e7 18. f3 P@d4 19. Nxf6+ Bxf6 20. Ne4 dxe3 21. Nxf6+ Qxf6 22. fxg4 hxg4 
23. B@g5 Qxb2 24. P@f6 P@f2+ 25. Kh1 N@g3# 
{Thufir checkmated} 0-1

[Event "fics rated crazyhouse match"]
[Site "fics, Oklahoma City, OK USA"]
[Date "2001.02.06"]
[White "AngelicK"]
[WhiteElo "2432"]
[Black "Thufir"]
[BlackElo "2306"]
[TimeControl "60+0"]
[Result "1-0"]

1. d4 e6 2. Nf3 Nc6 3. Bf4 Nf6 4. e3 Nd5 5. Bd3 Nxf4 6. exf4 
B@g4 7. Nbd2 Nxd4 8. Nxd4 Bxd1 9. Rxd1 Bc5 10. B@e3 d6 11. N2b3 Bb6 
12. N@h5 Q@g4 13. N@g3 P@g6 14. Nxg7+ Kf8 15. h3 Qgh4 16. P@a5 Bc5 17. Nxc5 
dxc5 18. Nb3 Kxg7 19. Bxc5 N@d5 20. Bd4+ f6 21. P@g5 Nxf4 22. Bxf6+ Qxf6 
23. gxf6+ Qxf6 24. B@e4 P@f5 25. O-O fxe4 26. Bxe4 P@d5 27. Bf3 N@h4 28. P@e2 
Nxf3+ 29. exf3 B@c4 30. P@h6+ Kf7 31. N@g4 Qe7 32. Rfe1 B@f8 33. Ne5+ Ke8 
34. Nxc4 dxc4 35. B@e5 B@d5 36. Bxh8 cxb3 37. axb3 Bxf3 38. P@g7 Nxh3+ 39. gxh3 
P@h2+ 40. Kxh2 Bd5 41. Rxd5 
{Thufir forfeits on time} 1-0

[Event "fics rated crazyhouse match"]
[Site "fics, Oklahoma City, OK USA"]
[Date "2001.02.06"]
[White "Thufir"]
[WhiteElo "2301"]
[Black "AngelicK"]
[BlackElo "2437"]
[TimeControl "60+0"]
[Result "1-0"]

1. e4 e6 2. d4 Nc6 3. Nf3 d6 4. Nc3 Nf6 5. Bd3 Be7 6. e5 
Ng4 7. exd6 cxd6 8. O-O f5 9. Bb5 Bd7 10. h3 Nf6 11. P@e5 Ne4 
12. exd6 Bxd6 13. P@e5 Be7 14. Nxe4 fxe4 15. N@d6+ Bxd6 16. exd6 O-O 17. Bxc6 
Bxc6 18. N@e7+ Kh8 19. Ne5 P@f3 20. N7xc6 bxc6 21. B@e7 fxg2 22. Bxd8 Raxd8 
23. B@e7 gxf1=Q+ 24. Qxf1 P@e2 25. Qxe2 N@f3+ 26. Nxf3 exf3 27. Bxf8 Rxf8 28. R@g8+ 
Kxg8 29. N@e7+ Kh8 30. Qxf3 R@e1+ 31. Kh2 B@g1+ 32. Kg2 B@h1+ 33. Kg3 Rxf3+ 
34. Kh4 B@f6+ 35. P@g5 Q@h6+ 36. P@h5 N@g6+ 37. Nxg6+ hxg6 38. Q@f8# 
{AngelicK forfeits on time} 1-0

[Event "fics rated crazyhouse match"]
[Site "fics, Oklahoma City, OK USA"]
[Date "2001.02.06"]
[White "AngelicK"]
[WhiteElo "2426"]
[Black "Thufir"]
[BlackElo "2312"]
[TimeControl "60+0"]
[Result "1-0"]

1. e4 e6 2. Nc3 Nc6 3. d4 Bb4 4. Nf3 Nf6 5. Bd3 d5 6. e5 
Ne4 7. Bd2 Nxd2 8. Qxd2 B@e4 9. N@h5 Rg8 10. Bxe4 dxe4 11. B@g5 B@e7 
12. Bxe7 Qxe7 13. B@g5 f6 14. exf6 exf3 15. fxe7 Bd7 16. gxf3 B@g2 17. Nxg7+ 
Kf7 18. Q@f6# 
{Thufir checkmated} 1-0

[Event "fics rated crazyhouse match"]
[Site "fics, Oklahoma City, OK USA"]
[Date "2001.02.06"]
[White "Thufir"]
[WhiteElo "2307"]
[Black "AngelicK"]
[BlackElo "2431"]
[TimeControl "60+0"]
[Result "1-0"]

1. e4 e6 2. Nc3 Nc6 3. d4 Nf6 4. e5 Nd5 5. Nxd5 exd5 6. Bb5 
d6 7. Qe2 Be7 8. N@h5 Rg8 9. exd6 cxd6 10. P@f6 N@e4 11. Nxg7+ Kd7 
12. Bxc6+ bxc6 13. fxe7 Qxe7 14. N@f5 Qf6 15. B@e7 Qg6 16. Bxd6 Nxd6 17. Nxd6 
B@b4+ 18. P@c3 Bxd6 19. P@c5 Bc7 20. N@e5+ Bxe5 21. Qxe5 B@c7 22. B@f5+ P@e6 
23. Bxg6 Bxe5 24. dxe5 N@c4 25. B@d6 Nxd6 26. exd6 B@d8 27. N@e5# 
{AngelicK checkmated} 1-0

[Event "fics rated crazyhouse match"]
[Site "fics, Oklahoma City, OK USA"]
[Date "2001.02.06"]
[White "AngelicK"]
[WhiteElo "2420"]
[Black "Thufir"]
[BlackElo "2318"]
[TimeControl "60+0"]
[Result "1-0"]

1. e4 e6 2. Nc3 Nc6 3. d4 Nf6 4. Nf3 Bb4 5. Bd3 d5 6. e5 
Ne4 7. Bd2 Nxd2 8. Qxd2 B@g4 9. Qf4 Bxf3 10. Qxf3 Nxd4 11. Qg3 N@f5 
12. Bxf5 Nxf5 13. N@h5 Nxg3 14. Nxg7+ Kf8 15. hxg3 B@g5 16. N@f3 Bxc3+ 17. bxc3 
P@d2+ 18. Ke2 N@c1+ 19. Rhxc1 dxc1=N+ 20. Rxc1 Bxc1 21. Nh5 Rg8 22. P@f6 Qd7 
23. P@e7+ Qxe7 24. fxe7+ Kxe7 25. B@f6+ Kd7 26. Q@e7+ Kc6 27. Nd4+ Kb6 28. Qb4+ 
Ka6 29. Qb5# 
{Thufir checkmated} 1-0

[Event "fics rated crazyhouse match"]
[Site "fics, Oklahoma City, OK USA"]
[Date "2001.02.07"]
[White "tantheman"]
[WhiteElo "2334"]
[Black "AngelicK"]
[BlackElo "2426"]
[TimeControl "60+0"]
[Result "0-1"]

1. e3 e6 2. b3 Nc6 3. Bb2 Nf6 4. Nf3 d5 5. d4 Be7 6. Bd3 
O-O 7. O-O b6 8. Nbd2 Bb7 9. c4 Nb4 10. Bc2 dxc4 11. bxc4 P@d3 
12. Bb3 Ne4 13. Ne5 f6 14. Ng4 Nxd2 15. Qxd2 N@c2 16. Rac1 f5 17. Ne5 
Bf6 18. P@f7+ Rxf7 19. Nxf7 Kxf7 20. N@e5+ Bxe5 21. dxe5 Bxg2 22. Kxg2 N@h4+ 
23. Kh3 P@g4+ 24. Kg3 N@h5# 
{tantheman checkmated} 0-1

[Event "fics rated crazyhouse match"]
[Site "fics, Oklahoma City, OK USA"]
[Date "2001.02.07"]
[White "AngelicK"]
[WhiteElo "2432"]
[Black "tantheman"]
[BlackElo "2328"]
[TimeControl "60+0"]
[Result "1-0"]

1. d4 e6 2. Nf3 b6 3. Bf4 Bb7 4. e3 d6 5. Nbd2 Nf6 6. Bd3 
Be7 7. O-O Nbd7 8. c4 c5 9. dxc5 Nxc5 10. Bb1 O-O 11. Ng5 h6 
12. Nxf7 Rxf7 13. P@g6 Rf8 14. P@e5 dxe5 15. Bxe5 Nfd7 16. P@f7+ Kh8 17. Bd4 
P@e5 18. Bxc5 Nxc5 19. Ne4 Nxe4 20. Qxd8 N@e2+ 21. Kh1 N4g3+ 22. hxg3 Bxg2+ 
23. Kxg2 P@f3+ 24. Kxf3 B@h5+ 25. P@g4 N@g1+ 26. Kg2 P@f3+ 27. Kh2 Bxg6 28. Q@g8+ 
Rxg8 29. fxg8=Q# 
{tantheman checkmated} 1-0

[Event "fics rated crazyhouse match"]
[Site "fics, Oklahoma City, OK USA"]
[Date "2001.02.07"]
[White "tantheman"]
[WhiteElo "2322"]
[Black "AngelicK"]
[BlackElo "2438"]
[TimeControl "60+0"]
[Result "0-1"]

1. e4 e6 2. Nc3 Nc6 3. Nf3 d5 4. exd5 exd5 5. Bb5 Bb4 6. Qe2+ 
Qe7 7. Ne5 Bxc3 8. dxc3 P@d7 9. Bxc6 dxc6 10. P@h6 Nxh6 11. Bxh6 gxh6 
12. B@g7 N@f4 13. N@f6+ Kd8 14. Nxc6+ bxc6 15. Qxe7+ Kxe7 16. Nxd5+ Nxd5 17. Q@e5+ 
Q@e6 18. N@f5+ Kd8 19. Bf6+ P@e7 20. O-O-O B@f4+ 21. Qxf4 N@e2+ 22. Kb1 Nxf4 
23. Bxe7+ Qxe7 24. Nxe7 B@d6 25. Nxc6+ Kd7 26. Ne5+ Ke8 27. B@c6+ B@d7 28. Bxd5 
Nxd5 29. Rxd5 B@f6 30. Re1 Q@e6 31. N@g7+ Bxg7 32. Nd3 Qxe1+ 33. Nxe1 N@e2 
{tantheman forfeits on time} 0-1

[Event "fics rated crazyhouse match"]
[Site "fics, Oklahoma City, OK USA"]
[Date "2001.02.07"]
[White "AngelicK"]
[WhiteElo "2443"]
[Black "tantheman"]
[BlackElo "2317"]
[TimeControl "60+0"]
[Result "0-1"]

1. d4 e6 2. Nf3 d5 3. Bf4 Nf6 4. e3 Bd6 5. Ne5 O-O 6. Bd3 
Nc6 7. Nd2 Nb4 8. O-O Nxd3 9. cxd3 B@g6 10. Ndf3 b6 11. Nc6 Qe8 
12. Nfe5 Ba6 13. Nxg6 hxg6 14. Bxd6 cxd6 15. B@e5 B@g5 16. Bxd6 Qxc6 17. N@e7+ 
Kh8 18. Nxc6 N@h4 19. P@e7 Rg8 20. f4 Bxd3 21. Qxd3 Ne4 22. fxg5 Nxg5 
23. B@g4 P@f5 24. B@e5 fxg4 25. Q@h6+ P@h7 26. Qxh4 N@f3+ 27. gxf3 Nxf3+ 28. Rxf3 
gxf3 29. B@h3 P@g2 30. N@g3 R@h1+ 31. Nxh1 gxh1=Q+ 32. Kxh1 B@g5 33. Qxg5 N@f2+ 
34. Kg1 Nxd3 35. B@g3 f2+ 36. Bxf2 Nxf2 37. P@h6 Nxh3+ 38. Kh1 B@f3+ 39. Qg2 
Q@g1+ 40. Rxg1 Nf2# 
{AngelicK checkmated} 0-1

[Event "fics rated crazyhouse match"]
[Site "fics, Oklahoma City, OK USA"]
[Date "2001.02.07"]
[White "tantheman"]
[WhiteElo "2328"]
[Black "AngelicK"]
[BlackElo "2432"]
[TimeControl "60+0"]
[Result "0-1"]

1. e3 e6 2. d4 Nc6 3. Nf3 Nf6 4. Bd3 d6 5. O-O Be7 6. Nc3 
O-O 7. Bd2 e5 8. Qe2 Bg4 9. h3 Bxf3 10. Qxf3 exd4 11. Ne4 Nxe4 
12. Bxe4 P@g6 13. Bxc6 N@e5 14. Bxb7 Nxf3+ 15. Bxf3 N@e5 16. B@e2 dxe3 17. Bxe3 
f5 18. P@h6 gxh6 19. Bxh6 P@g4 20. P@g7 Rf7 21. Bd5 gxh3 22. Bxf7+ Kxf7 
23. P@e6+ Kxe6 24. N@f4+ Kf7 25. N@h8+ Kg8 26. Nxh3 P@f3 27. gxf3 P@g2 28. Kxg2 
P@g4 29. P@f7+ Nxf7 30. R@f8+ Bxf8 31. gxf8=Q+ Qxf8 32. N@f6+ Kxh8 33. P@g7+ Qxg7 
34. Bxg7+ Kxg7 35. P@h6+ Kxf6 36. B@g7+ Ke7 37. Bc4 gxh3+ 38. Kg3 R@g5+ 39. Kf4 
B@e5+ 40. Ke3 Q@d4# 
{tantheman forfeits on time} 0-1

[Event "fics rated crazyhouse match"]
[Site "fics, Oklahoma City, OK USA"]
[Date "2001.02.07"]
[White "AngelicK"]
[WhiteElo "2438"]
[Black "tantheman"]
[BlackElo "2322"]
[TimeControl "60+0"]
[Result "1-0"]

1. d4 e6 2. Nf3 b6 3. Bf4 Bb7 4. e3 d6 5. Nbd2 Nf6 6. Bd3 
Nbd7 7. O-O Be7 8. c4 O-O 9. Qc2 c5 10. dxc5 Nxc5 11. P@g5 Nxd3 
12. gxf6 Bxf6 13. Qxd3 P@e4 14. Nxe4 Bxe4 15. Qxe4 P@f5 16. Qc2 B@e4 17. P@d3 
Bxf3 18. gxf3 N@h3+ 19. Kh1 Nxf4 20. exf4 B@h3 21. Rg1 N@d4 22. Qd1 d5 
23. cxd5 Qxd5 24. P@g2 Nxf3 25. gxh3 Nh4+ 26. B@g2 P@f3 27. Bxf3 Nxf3 28. B@g2 
B@h5 29. N@e3 Qb7 30. P@g5 Bxb2 31. B@f6 gxf6 32. N@h6+ Kh8 33. gxf6 Bxf6 
34. P@g5 Bg7 35. N@e5 Nxe5 36. Bxb7 B@f3+ 37. Bxf3 Bxf3+ 38. Qxf3 B@g6 39. fxe5 
Bxe5 40. B@f6+ P@g7 41. Bxe5 f6 42. Q@g8+ Rxg8 43. N@f7+ Bxf7 44. Nxf7# 
{tantheman checkmated} 1-0

[Event "fics rated crazyhouse match"]
[Site "fics, Oklahoma City, OK USA"]
[Date "2001.02.07"]
[White "tantheman"]
[WhiteElo "2317"]
[Black "AngelicK"]
[BlackElo "2443"]
[TimeControl "60+0"]
[Result "1-0"]

1. e4 e6 2. Nc3 Nc6 3. Nf3 d6 4. d4 Nf6 5. Bd3 Be7 6. O-O 
O-O 7. e5 Nd5 8. Ne4 f5 9. exf6 Nxf6 10. Neg5 P@f5 11. c4 Ng4 
12. h3 Nxf2 13. Rxf2 P@e4 14. Nxh7 exd3 15. Nxf8 Qxf8 16. P@g6 N@f6 17. P@f7+ 
Kh8 18. Bg5 B@g3 19. Rf1 Nh7 20. Bxe7 Qxe7 21. R@g8# 
{AngelicK checkmated} 1-0

[Event "fics rated crazyhouse match"]
[Site "fics, Oklahoma City, OK USA"]
[Date "2001.02.07"]
[White "AngelicK"]
[WhiteElo "2432"]
[Black "tantheman"]
[BlackElo "2328"]
[TimeControl "60+0"]
[Result "1-0"]

1. e4 e6 2. Nc3 d5 3. d4 dxe4 4. Nxe4 Nc6 5. Be3 Nf6 6. Nxf6+ 
gxf6 7. Nf3 N@e4 8. P@e5 fxe5 9. dxe5 P@d2+ 10. Nxd2 Nxd2 11. Qxd2 Qxd2+ 
12. Bxd2 Nxe5 13. N@f6+ Ke7 14. N@g8+ Kd6 15. P@c5+ Kxc5 16. P@d4+ Kc6 17. Q@b5+ 
Kd6 18. dxe5# 
{tantheman checkmated} 1-0

[Event "fics rated crazyhouse match"]
[Site "fics, Oklahoma City, OK USA"]
[Date "2001.02.07"]
[White "tantheman"]
[WhiteElo "2322"]
[Black "AngelicK"]
[BlackElo "2438"]
[TimeControl "60+0"]
[Result "1-0"]

1. e4 e6 2. Nc3 Nc6 3. Nf3 Nf6 4. d4 d6 5. Bd3 Be7 6. O-O 
O-O 7. Bg5 Ng4 8. Bxe7 Qxe7 9. B@h3 f5 10. exf5 exf5 11. P@e5 P@b4 
12. Nd5 Qf7 13. Nf4 dxe5 14. dxe5 P@e4 15. e6 Bxe6 16. Nxe6 exf3 17. Qxf3 
N@d4 18. Nxd4 Nxd4 19. Qd1 N@f4 20. Bxg4 fxg4 21. Qxg4 P@g6 22. Bxg6 Nxg6 
23. N@g5 B@f5 24. Nxf7 Bxg4 25. N@h6+ gxh6 26. Nxh6+ Kh8 27. P@g7+ Kxg7 28. Nxg4 
B@g5 29. B@e3 Bxe3 30. fxe3 B@g5 31. exd4 B@e3+ 32. Kh1 P@h3 33. P@h6+ Bxh6 
34. N@e6+ Kh8 35. B@e5+ P@g7 36. Bxg7+ Bxg7 37. Nxe3 hxg2+ 38. Nxg2 N@h4 39. Nxh4 
Bxd4 40. B@e4 B@g7 41. Nxg6+ hxg6 42. Q@h7# 
{AngelicK forfeits on time} 1-0

[Event "fics rated crazyhouse match"]
[Site "fics, Oklahoma City, OK USA"]
[Date "2001.02.07"]
[White "JKiller"]
[WhiteElo "2412"]
[Black "Dufus"]
[BlackElo "2395"]
[TimeControl "180+0"]
[Result "1-0"]

1. e4 Nf6 2. e5 Nd5 3. d4 e6 4. Nf3 Nc6 5. Be2 Bb4+ 6. c3 
Be7 7. O-O d6 8. c4 Ndb4 9. exd6 Qxd6 10. Nc3 Qd8 11. a3 P@g4 
12. Ne5 Nxe5 13. dxe5 Nc6 14. Qxd8+ Bxd8 15. Bf4 N@g6 16. Q@e3 Q@f5 17. N@h5 
Qxh5 18. f3 Ngxe5 19. fxg4 Nxg4 20. Bxg4 Qxg4 21. P@d5 B@d4 22. dxc6 Bxe3+ 
23. Bxe3 bxc6 24. B@f3 P@f2+ 25. Bxf2 N@h3+ 26. Kh1 Nxf2+ 27. Rxf2 Qxc4 28. N@e5 
Qd4 29. N@g4 P@d7 30. N@h5 Q@f8 31. Rd1 Qxd1+ 32. Bxd1 R@e1+ 33. Q@f1 Rxf1+ 
34. Rxf1 P@f5 35. P@h6 P@e2 36. Bxe2 Rg8 37. hxg7 Rxg7 38. P@f6 Rxg4 39. Bxg4 
N@f2+ 40. Rxf2 Q@e1+ 41. R@f1 Qxf1+ 42. Rxf1 Bxf6 43. Nxf6+ Kd8 44. R@g8 Qxg8 
45. P@e7+ Kxe7 46. Nxg8+ Kf8 47. Q@e7+ Kg7 48. Qxf7+ Kh8 49. P@g7# 
{Dufus checkmated} 1-0

[Event "fics rated crazyhouse match"]
[Site "fics, Oklahoma City, OK USA"]
[Date "2001.02.07"]
[White "Dufus"]
[WhiteElo "2326"]
[Black "JKiller"]
[BlackElo "2420"]
[TimeControl "180+0"]
[Result "1-0"]

1. e4 e6 2. d4 b6 3. Nc3 Bb7 4. Bd3 Nc6 5. d5 Ne5 6. Bb5 
Nf6 7. Bf4 Ng6 8. dxe6 fxe6 9. Bg5 Bb4 10. Bxf6 Qxf6 11. Qxd7+ Kf8 
12. Qxc7 P@d2+ 13. Kf1 Ne5 14. Qxb7 Rd8 15. Nd1 Ng4 16. P@c7 B@e8 17. Bxe8 
Kxe8 18. cxd8=Q# 
{JKiller resigns} 1-0

[Event "fics rated crazyhouse match"]
[Site "fics, Oklahoma City, OK USA"]
[Date "2001.02.07"]
[White "JKiller"]
[WhiteElo "2410"]
[Black "Dufus"]
[BlackElo "2403"]
[TimeControl "180+0"]
[Result "1-0"]

1. e4 e6 2. d4 d5 3. exd5 exd5 4. Bb5+ c6 5. Be2 Nf6 6. Nf3 
Qe7 7. O-O Ne4 8. Nc3 Nxc3 9. bxc3 N@e4 10. Bd2 P@h3 11. gxh3 Bxh3 
12. Re1 P@g2 13. Bd3 Bg4 14. N@e5 Qxe5 15. dxe5 N@h3+ 16. Kxg2 Nexf2 17. e6 
Bxf3+ 18. Qxf3 N@h4+ 19. Kf1 P@g2+ 20. Qxg2 Nxg2 21. exf7+ Kd7 22. Q@e8+ Kc7 
23. B@d8+ Kd6 24. Qe5+ Kd7 25. Qc7# 
{Dufus checkmated} 1-0

[Event "fics rated crazyhouse match"]
[Site "fics, Oklahoma City, OK USA"]
[Date "2001.02.07"]
[White "AngelicK"]
[WhiteElo "2427"]
[Black "GusMcClain"]
[BlackElo "2287"]
[TimeControl "60+0"]
[Result "1-0"]

1. d4 Nf6 2. Nf3 e6 3. Bf4 Nc6 4. e3 Nd5 5. Nbd2 Nxf4 6. exf4 
d5 7. Bd3 Bd6 8. N@e5 f6 9. Nxc6 bxc6 10. N@h5 B@f8 11. Ne5 fxe5 
12. fxe5 Bde7 13. Qf3 N@f5 14. Bxf5 exf5 15. P@f6 B@e4 16. Nxe4 dxe4 17. fxe7 
Qxe7 18. Qb3 N@h4 19. O-O-O N@e2+ 20. Kb1 Nxg2 21. B@c5 P@d6 22. B@f6 gxf6 
23. exf6 Qd7 24. N@g7+ Bxg7 25. Nxg7+ Kd8 26. P@e7+ Qxe7 27. fxe7+ Kxe7 28. Q@f7+ 
Kd8 29. B@f6+ B@e7 30. Qxe7# 
{GusMcClain checkmated} 1-0

[Event "fics rated crazyhouse match"]
[Site "fics, Oklahoma City, OK USA"]
[Date "2001.02.07"]
[White "GusMcClain"]
[WhiteElo "2282"]
[Black "AngelicK"]
[BlackElo "2432"]
[TimeControl "60+0"]
[Result "0-1"]

1. e4 e6 2. Nc3 Nc6 3. d4 Nf6 4. Nf3 d6 5. Bd3 Be7 6. O-O 
O-O 7. e5 Nd5 8. Ne4 f5 9. exf6 Nxf6 10. Nxf6+ Bxf6 11. P@g5 Be7 
12. Bxh7+ Kxh7 13. g6+ Kh8 14. N@f7+ Rxf7 15. gxf7 N@f6 16. Ng5 B@g6 17. P@h7 
Bxh7 18. R@e8+ Nxe8 19. fxe8=Q+ Qxe8 20. Nxh7 Kxh7 21. B@h5 P@g6 22. N@g5+ Bxg5 
23. Bxg5 gxh5 24. B@e4+ P@f5 25. Bxc6 bxc6 26. Bf4 R@g6 27. N@g3 B@g4 28. f3 
P@h3 29. fxg4 hxg2 30. Kxg2 P@h3+ 31. Kg1 fxg4 32. Nxh5 P@g2 33. Re1 N@f3+ 
34. Kf2 Nxe1 35. Qxe1 N@f5 36. B@e4 R@f1+ 37. Qxf1 gxf1=Q+ 38. Rxf1 B@e3+ 39. Bxe3 
Nxe3 40. Bxg6+ Qxg6 41. N@f4 Q@f3+ 42. Ke1 Qxf1+ 43. Kd2 B@b4+ 44. Kxe3 N@c4# 
{GusMcClain checkmated} 0-1

[Event "fics rated crazyhouse match"]
[Site "fics, Oklahoma City, OK USA"]
[Date "2001.02.07"]
[White "AngelicK"]
[WhiteElo "2437"]
[Black "GusMcClain"]
[BlackElo "2277"]
[TimeControl "60+0"]
[Result "1-0"]

1. d4 d6 2. Nf3 Nf6 3. Nc3 Nc6 4. e4 Bg4 5. d5 Ne5 6. Nxe5 
dxe5 7. Be2 Bxe2 8. Qxe2 N@d4 9. B@a4+ c6 10. dxc6 bxc6 11. Qc4 P@b7 
12. N@g5 e6 13. P@e3 B@a6 14. Bxc6+ Nxc6 15. P@b5 Bb4 16. bxa6 O-O 17. axb7 
Bxc3+ 18. bxc3 Rb8 19. Qxc6 B@d7 20. Qc5 Nxe4 21. P@e7 Nxc5 22. exd8=Q N@d3+ 
23. cxd3 Nxd3+ 24. Kd2 Rbxd8 25. N@e7+ Kh8 26. Q@g8+ Rxg8 27. Nxf7# 
{GusMcClain checkmated} 1-0

[Event "fics rated crazyhouse match"]
[Site "fics, Oklahoma City, OK USA"]
[Date "2001.02.07"]
[White "GusMcClain"]
[WhiteElo "2272"]
[Black "AngelicK"]
[BlackElo "2442"]
[TimeControl "60+0"]
[Result "0-1"]

1. e4 e6 2. e5 Nc6 3. d4 d6 4. exd6 cxd6 5. Bb5 Nf6 6. Bxc6+ 
bxc6 7. Nf3 P@e4 8. O-O exf3 9. Qxf3 B@d5 10. Qf4 N@e2+ 11. Kh1 Nxf4 
12. f3 Nxg2 13. Kxg2 P@g4 14. P@g3 gxf3+ 15. Rxf3 Q@e2+ 16. N@f2 Bxf3+ 17. Kg1 
R@f1# 
{GusMcClain checkmated} 0-1

[Event "fics rated crazyhouse match"]
[Site "fics, Oklahoma City, OK USA"]
[Date "2001.02.07"]
[White "AngelicK"]
[WhiteElo "2446"]
[Black "RFrancisco"]
[BlackElo "2450"]
[TimeControl "60+0"]
[Result "0-1"]

1. d4 Nf6 2. Nf3 b6 3. Bf4 Bb7 4. e3 e6 5. Be2 Be7 6. O-O 
d6 7. c4 Nbd7 8. Nc3 O-O 9. d5 e5 10. Bg5 h6 11. Bxf6 Bxf6 
12. N@h5 B@g6 13. Nxf6+ Nxf6 14. B@h4 N@f5 15. Bxf6 Qxf6 16. Ne4 Qe7 17. Nxe5 
dxe5 18. N@g4 N@e8 19. P@e6 fxe6 20. Nxe5 P@f7 21. Nxg6 fxg6 22. P@c6 exd5 
23. cxb7 Rd8 24. cxd5 Qxe4 25. B@f3 Qe7 26. P@e6 B@d6 27. B@f7+ Kh7 28. Bd3 
N@g5 29. Bxf5 gxf5 30. N@f4 N@e5 31. Bxe8 Rdxe8 32. Bh5 B@e4 33. f3 Bxf3 
34. Rxf3 Ngxf3+ 35. Bxf3 P@f2+ 36. Kxf2 Ng4+ 37. Bxg4 Bxf4 38. P@g6+ Kh8 39. exf4 
N@e4+ 40. Kg1 P@f2+ 41. Kh1 R@g1+ 42. Qxg1 fxg1=Q+ 43. Kxg1 Qc5+ 44. P@f2 Qxf2+ 
45. Kh1 Q@f1+ 46. Rxf1 Qxf1+ 47. R@g1 Nf2# 
{AngelicK checkmated} 0-1